General information
- name: BNet
- type: Ladder team game (AT/RT)
- host: Battle.net
- saver: Fortuna
map: TwilightRuins
- players: 8
- length: 16:50
- speed: Fast
- version: 1.26 W3XP
- replay type: Public
» download(87 KB)
Players
team 1 (winner)
Shaggy2Dope (
orange | 8 APM | 106 actions | 13:02)
1 Blood Mage
1 Flame Strike
» actions
| Basic commands | 5 | |
| Build / train | 12 | |
| Enter build submenu | 6 | |
| Enter hero's abilities submenu | 1 | |
| Right click | 38 | |
| Select / deselect | 34 | |
| Use ability | 10 | |
106 total
» units
» buildings
| Farm | 4 | |
| Altar of Kings | 1 | |
| Barracks | 1 | |
6 total
» build order
00:24 Farm
00:41 Altar of Kings
01:03 Farm
02:02 Farm
02:42 Barracks
02:59 Farm

»
2drunk2fuk (
blue | 61 APM | 1021 actions | 16:50)
5 Paladin
2 Holy Light
2 Devotion Aura
1 Divine Shield
» actions
| Assign group hotkey | 14 | |
| Basic commands | 7 | |
| Build / train | 50 | |
| ESC pressed | 2 | |
| Enter build submenu | 27 | |
| Enter hero's abilities submenu | 5 | |
| Give item / drop item | 1 | |
| Right click | 349 | |
| Select / deselect | 159 | |
| Select group hotkey | 367 | |
| Use ability | 40 | |
1021 total
» units
| Peasant | 8 | |
| Rifleman | 8 | |
| Mur'gul Snarecaster | 1 | |
| Goblin Shredder | 1 | |
| Mortar Team | 4 | |
22 total
» upgrades
| Masonry | 2 | |
| Gunpowder | 2 | |
| Armor | 2 | |
| Long Rifles | 1 | |
| Magic Sentry | 1 | |
| Lumber Harvesting | 1 | |
| Flare | 1 | |
10 total
» buildings
| Farm | 7 | |
| Altar of Kings | 1 | |
| Blacksmith | 1 | |
| Arcane Vault | 1 | |
| Barracks | 2 | |
| Scout Tower | 10 | |
| Lumber Mill | 2 | |
| Arcane Tower | 2 | |
| Guard Tower | 7 | |
| Keep | 1 | |
| Arcane Sanctum | 1 | |
| Workshop | 1 | |
| Town Hall | 1 | |
| Castle | 1 | |
38 total
» build order
00:26 Farm
00:51 Altar of Kings
01:17 Blacksmith
01:23 Farm
02:06 Arcane Vault
02:10 Farm
02:19 Barracks
02:45 Scout Tower
03:15 Scout Tower
03:22 Lumber Mill
03:41 Arcane Tower
03:53 Arcane Tower
04:11 Scout Tower
04:18 Guard Tower
04:37 Scout Tower
04:41 Guard Tower
05:03 Guard Tower
05:07 Scout Tower
05:19 Scout Tower
05:37 Scout Tower
05:56 Guard Tower
06:02 Farm
06:10 Guard Tower
06:49 Farm
07:12 Keep
07:26 Farm
08:21 Barracks
08:48 Scout Tower
09:25 Guard Tower
09:30 Farm
09:41 Arcane Sanctum
10:58 Workshop
12:34 Lumber Mill
14:15 Town Hall
15:21 Castle
15:34 Scout Tower
16:31 Guard Tower
16:36 Scout Tower
» items
GodsBestBud (
red | 53 APM | 554 actions | 10:25)
1 Keeper of the Grove
1 Entangling Roots
» actions
| Assign group hotkey | 39 | |
| Basic commands | 61 | |
| Build / train | 42 | |
| Enter build submenu | 19 | |
| Enter hero's abilities submenu | 1 | |
| Right click | 216 | |
| Select / deselect | 125 | |
| Select group hotkey | 31 | |
| Use ability | 20 | |
554 total
» units
» buildings
| Moon Well | 4 | |
| Altar of Elders | 1 | |
| Hunter's Hall | 2 | |
| Ancient Protector | 5 | |
| Tree of Life | 2 | |
14 total
» build order
00:18 Moon Well
00:40 Altar of Elders
01:17 Moon Well
02:03 Moon Well
02:06 Hunter's Hall
02:09 Hunter's Hall
02:25 Moon Well
03:21 Ancient Protector
03:23 Ancient Protector
03:42 Ancient Protector
05:26 Tree of Life
09:14 Tree of Life
09:21 Ancient Protector
09:39 Ancient Protector
likeapuma (
purple | 8 APM | 31 actions | 03:56)
» actions
| Right click | 18 | |
| Select / deselect | 13 | |
31 total
team 2 (loser)

»
bustaphatnutt (
pink | 37 APM | 574 actions | 15:32)
3 Tauren Chieftain
1 Shockwave
2 Endurance Aura
» actions
| Assign group hotkey | 11 | |
| Basic commands | 10 | |
| Build / train | 28 | |
| Enter build submenu | 19 | |
| Enter hero's abilities submenu | 3 | |
| Give item / drop item | 2 | |
| Right click | 192 | |
| Select / deselect | 111 | |
| Select group hotkey | 160 | |
| Use ability | 38 | |
574 total
» units
| Peon | 11 | |
| Troll Headhunter/Berserker | 5 | |
16 total
» upgrades
» buildings
| Altar of Storms | 1 | |
| Orc Burrow | 4 | |
| Barracks | 1 | |
| War Mill | 1 | |
| Voodoo Lounge | 1 | |
| Stronghold | 1 | |
| Watch Tower | 5 | |
| Beastiary | 4 | |
18 total
» build order
00:12 Altar of Storms
00:18 Orc Burrow
00:32 Barracks
01:26 War Mill
01:49 Orc Burrow
02:18 Voodoo Lounge
02:51 Orc Burrow
04:10 Stronghold
07:46 Watch Tower
07:48 Watch Tower
07:51 Watch Tower
07:55 Watch Tower
08:19 Watch Tower
10:39 Beastiary
10:42 Beastiary
10:47 Beastiary
10:55 Beastiary
11:33 Orc Burrow
» items
| Healing Salve | 2 | |
| Boots of Speed | 1 | |
| Circlet of Nobility | 1 | |
| Staff of Teleportation | 1 | |
5 total
kabe (
teal | 27 APM | 454 actions | 16:42)
2 Priestess of the Moon
1 Trueshot Aura
1 Searing Arrows
» actions
| Assign group hotkey | 16 | |
| Basic commands | 93 | |
| Build / train | 52 | |
| ESC pressed | 2 | |
| Enter build submenu | 15 | |
| Enter hero's abilities submenu | 2 | |
| Give item / drop item | 1 | |
| Right click | 37 | |
| Select / deselect | 108 | |
| Select group hotkey | 108 | |
| Use ability | 20 | |
454 total
» units
| Wisp | 14 | |
| Archer | 12 | |
| Dryad | 5 | |
| Glaive Thrower | 3 | |
34 total
» upgrades
| Strength of the Moon | 2 | |
| Strength of the Wild | 2 | |
| Improved Bows | 1 | |
| Abolish Magic | 1 | |
| Vorpal Blades | 1 | |
| Reinforced Hides | 1 | |
| Moon Armor | 1 | |
9 total
» buildings
| Moon Well | 7 | |
| Altar of Elders | 1 | |
| Ancient of War | 1 | |
| Tree of Ages | 4 | |
| Hunter's Hall | 1 | |
| Ancient of Lore | 2 | |
| Ancient Protector | 3 | |
19 total
» build order
00:18 Moon Well
00:27 Altar of Elders
00:38 Ancient of War
01:37 Moon Well
02:38 Moon Well
03:09 Tree of Ages
03:09 Tree of Ages
03:10 Tree of Ages
04:04 Hunter's Hall
04:28 Moon Well
05:34 Ancient of Lore
05:36 Ancient of Lore
06:09 Moon Well
07:08 Moon Well
07:26 Ancient Protector
07:47 Ancient Protector
09:23 Ancient Protector
10:53 Moon Well
Fortuna (
green | 98 APM | 1655 actions | 16:50)
4 Blademaster
2 Wind Walk
2 Critical Strike
» actions
| Assign group hotkey | 28 | |
| Basic commands | 135 | |
| Build / train | 87 | |
| ESC pressed | 1 | |
| Enter build submenu | 39 | |
| Enter hero's abilities submenu | 4 | |
| Give item / drop item | 3 | |
| Right click | 693 | |
| Select / deselect | 223 | |
| Select group hotkey | 373 | |
| Use ability | 69 | |
1655 total
» units
| Peon | 21 | |
| Grunt | 12 | |
| Goblin Shredder | 3 | |
| Wind Rider | 10 | |
46 total
» upgrades
| Pillage | 1 | |
| Armor | 3 | |
| Berserker Strength | 1 | |
| Ranged Weapons | 3 | |
| Reinforced Defenses | 1 | |
| Backpack | 1 | |
| Envenomed Spears | 1 | |
| Troll Regeneration | 1 | |
12 total
» buildings
| Altar of Storms | 1 | |
| Orc Burrow | 7 | |
| Barracks | 1 | |
| Voodoo Lounge | 2 | |
| War Mill | 1 | |
| Great Hall | 2 | |
| Watch Tower | 17 | |
| Stronghold | 2 | |
| Fortress | 2 | |
| Beastiary | 3 | |
38 total
» build order
00:06 Altar of Storms
00:10 Orc Burrow
00:30 Barracks
01:30 Orc Burrow
01:58 Voodoo Lounge
03:59 War Mill
04:03 Orc Burrow
05:01 Great Hall
06:21 Watch Tower
06:27 Stronghold
07:10 Orc Burrow
07:45 Watch Tower
08:36 Watch Tower
08:37 Watch Tower
08:42 Watch Tower
08:45 Watch Tower
08:45 Watch Tower
08:55 Great Hall
09:04 Watch Tower
09:08 Watch Tower
09:46 Fortress
10:38 Beastiary
10:42 Beastiary
10:46 Orc Burrow
10:51 Orc Burrow
11:25 Beastiary
11:34 Watch Tower
12:07 Watch Tower
12:10 Watch Tower
12:33 Watch Tower
13:35 Orc Burrow
13:40 Watch Tower
13:43 Watch Tower
13:46 Watch Tower
13:51 Watch Tower
13:54 Voodoo Lounge
» items
| Healing Salve | 3 | |
| Boots of Speed | 1 | |
| Lesser Clarity Potion | 1 | |
| Scroll of Town Portal | 1 | |
| Orb of Lightning | 1 | |
7 total
HALO-MASTER. (
yellow | 57 APM | 955 actions | 16:48)
2 Blademaster
1 Wind Walk
1 Critical Strike
» actions
| Assign group hotkey | 42 | |
| Basic commands | 45 | |
| Build / train | 42 | |
| Enter build submenu | 16 | |
| Enter hero's abilities submenu | 2 | |
| Remove unit from queue | 1 | |
| Right click | 336 | |
| Select / deselect | 108 | |
| Select group hotkey | 322 | |
| Use ability | 41 | |
955 total
» units
» upgrades
| Ranged Weapons | 1 | |
| Armor | 3 | |
| Ensnare | 1 | |
| Melee Weapons | 3 | |
| Reinforced Defenses | 1 | |
9 total
» buildings
| Altar of Storms | 1 | |
| Orc Burrow | 4 | |
| War Mill | 1 | |
| Voodoo Lounge | 1 | |
| Watch Tower | 10 | |
| Stronghold | 2 | |
| Beastiary | 3 | |
| Fortress | 1 | |
| Great Hall | 1 | |
24 total
» build order
00:09 Altar of Storms
00:20 Orc Burrow
00:38 War Mill
01:14 Voodoo Lounge
01:52 Watch Tower
02:22 Watch Tower
03:17 Stronghold
03:17 Stronghold
03:21 Orc Burrow
03:22 Orc Burrow
03:23 Orc Burrow
04:50 Watch Tower
04:57 Watch Tower
05:08 Watch Tower
05:50 Beastiary
05:50 Beastiary
06:45 Fortress
11:27 Beastiary
12:37 Watch Tower
12:37 Watch Tower
12:38 Watch Tower
12:38 Watch Tower
15:16 Great Hall
» items
| Staff of Teleportation | 1 | |
| Boots of Speed | 1 | |
| Potion of Lesser Invulnerability | 1 | |
| Scroll of Healing | 1 | |
| Scroll of Town Portal | 2 | |
| Orb of Lightning | 1 | |
7 total
Chat log
(00:09 / Allies) kabe: arch to dryad potm
(00:20 / All) Fortuna: FORTUNA, FORTUNA, FORTUNAE!
(00:47 / All) HALO-MASTER.: i pawn at halo f u all
(01:14 / All) Fortuna: Fortune bona primitus voluntas est inversa!
(01:23 / All) Fortuna: In meque michi penitus novercatur aversa!
(02:31 / All) HALO-MASTER.: this nigga
(02:35 / Allies) HALO-MASTER.: want this expo rod?
(02:43 / Allies) Fortuna: taking this
(02:50 / Allies) Fortuna: I'll take that after
(03:09 / Allies) bustaphatnutt: dam green
(03:10 / Allies) bustaphatnutt: hardcore
(03:46 / Allies) HALO-MASTER.: why u nigas helping him creep he don tneed any help
(03:48 / Allies) Fortuna: I can creep by myself
(03:50 / Allies) Fortuna: go away faggots
(04:01 / All) GodsBestBud: lol
(04:01 / All) HALO-MASTER.: WOOD PL
(06:12 / Allies) Fortuna: thanks for taking my boots faggot
(06:21 / Allies) bustaphatnutt: ur welcome faggot :)
(06:44 / Allies) Fortuna: are they helping you?
(07:06 / All) bustaphatnutt: sure am
(07:20 / Allies) kabe: ready to hit?
(07:22 / Allies) Fortuna: sure helpd you not use that tp huh?
(07:27 / All) bustaphatnutt: sure did
(07:34 / Allies) HALO-MASTER.: gold plz pink?
(08:25 / All) bustaphatnutt: lol
(08:33 / All) HALO-MASTER.: PINK IS A BSER
(08:43 / All) bustaphatnutt: green is a bser
(08:49 / All) Fortuna: pink attacked me first
(08:50 / Allies) kabe: stop it. let's attack and win
(08:56 / All) bustaphatnutt: i didnt attack shit
(08:59 / Allies) kabe: take, pink
(09:04 / All) bustaphatnutt: i bought stuff from a shop
(09:05 / Allies) kabe: cloak on ground
(09:13 / All) bustaphatnutt: lol
(09:16 / All) bustaphatnutt: and green cried
(09:58 / Allies) kabe: omw
(10:00 / All) HALO-MASTER.: ONLY ARMY LOLZ
(10:15 / All) 2drunk2fuk: free win for you guys
(10:25 / All) Fortuna: YOU WILL GET THE WIN OK?
(10:27 / All) Fortuna: SOUND FAIR?
(10:32 / All) Shaggy2Dope: no
(10:40 / All) Shaggy2Dope: i bsed red n hr ago
(10:44 / All) Shaggy2Dope: where was u
(10:46 / All) Shaggy2Dope: lol
(11:09 / All) Shaggy2Dope: he was mas cuz i like icp
(11:16 / All) Shaggy2Dope: he said he listened to mozart
(11:22 / All) Shaggy2Dope: n was a super smarty pants
(11:37 / All) Shaggy2Dope: in real life bet u his boss yells at him or sum shit
(12:02 / All) Shaggy2Dope: red rebuilt his main but that about it
(12:09 / All) bustaphatnutt: yellow you couldnt win on your own anyways
(12:16 / Allies) kabe: stop following please, pink
(12:42 / All) Shaggy2Dope: im leaving now
(12:47 / All) Shaggy2Dope: this is really boring
(12:51 / All) Fortuna: stay
(12:55 / All) Fortuna: we killed pink
(12:56 / All) Fortuna: he is dead now
(12:59 / All) Shaggy2Dope: no thanks
(13:01 / All) Fortuna: only us left
(13:19 / All) Fortuna: blue you here?
(13:21 / All) Fortuna: stay, we are bsing
(13:42 / All) 2drunk2fuk: yup just messin around
(13:56 / All) Fortuna: kk good
(14:32 / All) 2drunk2fuk: nothin better to do
(16:26 / All) kabe: awesome
(16:30 / All) Fortuna: Teal is dead now